 Dungeon Crawl Stone Soup version 0.28.0-49-g6dfe1f597d (webtiles) character file.

Game seed: 14423334428814196780

357 issech the Skirmisher (level 6, -14/52 (53) HPs)
             Began as a Gnoll Wanderer on May 19, 2022.
             Demolished by a two-headed ogre
             ... wielding a +0 giant club
              (28 damage)
             ... on level 3 of the Dungeon.
             The game lasted 00:30:00 (6414 turns).

issech the Skirmisher (Gnoll Wanderer)              Turns: 6414, Time: 00:30:01

HP:   -14/52 (53)   AC:  3    Str:  9    XL:     6   Next: 64%
MP:   11/11         EV: 12    Int: 16    God:
Gold: 157           SH:  0    Dex: 11    Spells: 10/12 levels left

rFire   . . .      SeeInvis .   v - +8 club
rCold   . . .      Faith    .   (no shield)
rNeg    . . .      Spirit   .   c - +0 robe
rPois   .          Reflect  .   (no helmet)
rElec   .          Harm     .   b - +0 cloak
rCorr   .          Rampage  .   (no gloves)
Will    .....                   (no boots)
Stlth   ++........              (no amulet)
HPRegen 0.17/turn               (no ring)
MPRegen 0.12/turn               (no ring)

@: lightly drained
A: fangs 1, strong nose, distributed training
a: no special abilities


You were on level 3 of the Dungeon.
You visited 1 branch of the dungeon, and saw 4 of its levels.

You collected 157 gold pieces.

Inventory:

Hand Weapons
 a - a +0 dagger
 j - a +2 dagger of draining
 p - a +0 quarterstaff
 v - a +8 club (weapon)
 y - a +0 flail
 A - a +0 mace
 C - a +2 vorpal hand axe
 E - a +0 hand crossbow
 F - a +0 halberd
 G - a +0 great sword
Missiles
 h - 5 poisoned darts
 l - 33 arrows
 m - 92 stones
 o - 36 bolts
Armour
 b - a +0 cloak (worn)
 c - a +0 robe (worn)
 e - a +0 leather armour
 i - a +0 ring mail
 D - a +0 scale mail
Wands
 x - a wand of flame (25)
Scrolls
 d - 2 scrolls of teleportation
 f - a scroll of vulnerability {unknown}
 k - a scroll of magic mapping {unknown}
 n - 3 scrolls of identify {unknown}
 q - a scroll of fear {unknown}
 w - a scroll of amnesia {unknown}
 B - a scroll of immolation {unknown}
Potions
 g - a potion of berserk rage {unknown}
 r - 3 potions of magic {unknown}
 s - 2 potions of curing {unknown}
 t - a potion of might {unknown}
 u - a potion of attraction {unknown}
 z - a potion of lignification {unknown}


   Skills:
 + Level 6.8 Fighting
 + Level 2.0 Short Blades
 + Level 2.0 Long Blades
 + Level 2.0 Axes
 + Level 2.0 Maces & Flails
 + Level 2.0 Polearms
 + Level 2.0 Staves
 + Level 2.0 Slings
 + Level 2.0 Bows
 + Level 2.0 Crossbows
 + Level 2.0 Throwing
 + Level 2.0 Armour
 + Level 3.3 Dodging
 + Level 3.1 Stealth
 + Level 2.0 Shields
 + Level 2.0 Unarmed Combat
 + Level 3.5 Spellcasting
 + Level 1.6 Conjurations
 + Level 1.6 Hexes
 + Level 1.6 Summonings
 + Level 1.6 Necromancy
 + Level 1.6 Translocations
 + Level 1.6 Transmutations
 + Level 5.7 Fire Magic
 + Level 1.6 Ice Magic
 + Level 1.6 Air Magic
 + Level 1.6 Earth Magic
 + Level 1.6 Poison Magic
 + Level 2.2 Invocations
 + Level 3.3 Evocations


You had 10 spell levels left.
You knew the following spells:

 Your Spells              Type           Power      Damage    Failure   Level
a - Foxfire               Conj/Fire      56%        2x1d6     4%          1
b - Freeze                Ice            32%        1d5       9%          1

Your spell library contained the following spells:

 Spells                   Type           Power      Damage    Failure   Level
 Ignite Poison            Fire/Tmut/Pois 12%        N/A       16%         3
 Dazzling Flash           Conj/Hex       16%        N/A       26%         3
 Frozen Ramparts          Ice            16%        1d3       26%         3
 Sticky Flame             Conj/Fire      14%        2d4       36%         4
 Hailstorm                Conj/Ice       8%         3d4       65%         4
 Iskenderun's Mystic Bla  Conj/Tloc      8%         2d4       65%         4
 Starburst                Conj/Fire      7%         6d4       99%         6


Dungeon Overview and Level Annotations

Branches:
Dungeon (4/15)
 Temple: D:4-7

Altars:

Annotations:
D:3 Pargi


Innate Abilities, Weirdness & Mutations

You have very sharp teeth.
Your uncanny sense of smell can sniff out nearby items.
Your experience applies equally to all skills.


Message History

The foxfire hits the two-headed ogre.
The two-headed ogre is lightly wounded.
A black bear comes into view.
There is a stone staircase leading up here.
There is a stone staircase leading up here.
There is a stone staircase leading up here.
The black bear growls angrily.
There is a stone staircase leading up here.
There is a stone staircase leading up here.
There is an escape hatch in the ceiling here.
The two-headed ogre closely misses you.
The two-headed ogre hits you with a +0 giant club!!
A mysterious force pulls you upwards. The hatch slams shut behind you.
Level annotation: Pargi You see here a +0 robe.
Pargi shouts!
Pargi snarls, "My home!
Leave!"
Pargi snarls, "My home!
Leave!"
Pargi bites you. Pargi barely misses you. Pargi closely misses you.
Pargi looks around nervously.
Pargi looks very sad for a moment.
You see here a +0 dagger.
There is a stone staircase leading down here.
The two-headed ogre hits you with a +0 giant club!
The two-headed ogre closely misses you.
Pargi hisses, "I bite!"
Casting: Foxfire (safe; 4% risk of failure)
Press: ? - help, Q - select action, (/) - cycle Dir - look around, f - activate You conjure some foxfire!
The foxfire hits the two-headed ogre but does no damage.
Your foxfire dissipates!
You conjure some foxfire!
The foxfire hits the two-headed ogre.
The two-headed ogre is lightly wounded.
Your foxfire dissipates!
The two-headed ogre hits you with a +0 giant club!!
Ouch! That really hurt!
* * * LOW HITPOINT WARNING * * *
The two-headed ogre hits you with a +0 giant club!!
Ouch! That really hurt!
You die...

### #.. # ..# #.. #. #.#
##########.# . #.#
#..........# #.#.#
#...########
#.#.####...########
#..................
####.####...########
#>.@O.T.............
##########.#######..)##......
#<.............T..#.###.#.###
##########.######.#.# #T.....
#.######.#.###.#.###
#.........)....#.#=#
#####......###.#.### #.....##
#...... #####.....## #.#.###


You could see a two-headed ogre and Pargi.

Vanquished Creatures
  A hound (D:3)
  An orc wizard (D:4)
  Jessica (D:3)
  Natasha (thrice) (D:3)
  Terence (D:3)
  A hound skeleton (D:4)
  4 gnolls (D:4)
  3 adders
  2 worms
  3 dart slugs
  10 orcs
  3 ball pythons
  5 bats
  6 endoplasms
  A giant cockroach (D:4)
  6 goblins
  9 hobgoblins
  6 jackals
  4 quokkas
  3 frilled lizards (D:3)
  4 kobolds
  5 rats
82 creatures vanquished.

Vanquished Creatures (others)
  135 foxfires
  A plant (D:4)
136 creatures vanquished.

Grand Total: 218 creatures vanquished

Notes
Turn   | Place    | Note
-------+----------+-------------------------------------------
     0 | D:1      | issech the Gnoll Wanderer began the quest for the Orb.
     0 | D:1      | issech set off with the following items: a +0 dagger, a +0
                  | cloak, a +0 robe, a scroll of teleportation; and the
                  | following spell memorised: Foxfire; and the following
                  | spells available to memorise: Ignite Poison, Sticky Flame
     0 | D:1      | Reached XP level 1. HP: 23/23 MP: 4/4
   529 | D:1      | Reached XP level 2. HP: 29/29 MP: 1/5
  1363 | D:1      | Reached XP level 3. HP: 35/35 MP: 7/7
  2619 | D:3      | Noticed Natasha
  2628 | D:3      | Killed Natasha
  2629 | D:3      | Reached skill level 1 in Short Blades
  2629 | D:3      | Reached skill level 1 in Long Blades
  2629 | D:3      | Reached skill level 1 in Axes
  2629 | D:3      | Reached skill level 1 in Maces & Flails
  2629 | D:3      | Reached skill level 1 in Polearms
  2629 | D:3      | Reached skill level 1 in Staves
  2629 | D:3      | Reached skill level 1 in Slings
  2629 | D:3      | Reached skill level 1 in Bows
  2629 | D:3      | Reached skill level 1 in Crossbows
  2629 | D:3      | Reached skill level 1 in Throwing
  2629 | D:3      | Reached skill level 1 in Armour
  2629 | D:3      | Reached skill level 1 in Shields
  2629 | D:3      | Reached skill level 1 in Unarmed Combat
  2629 | D:3      | Reached skill level 1 in Invocations
  2686 | D:3      | Reached XP level 4. HP: 41/41 MP: 3/8
  2796 | D:3      | Noticed Jessica
  2811 | D:3      | Killed Jessica
  2812 | D:3      | Reached skill level 1 in Conjurations
  2812 | D:3      | Reached skill level 1 in Hexes
  2812 | D:3      | Reached skill level 1 in Summonings
  2812 | D:3      | Reached skill level 1 in Necromancy
  2812 | D:3      | Reached skill level 1 in Translocations
  2812 | D:3      | Reached skill level 1 in Transmutations
  2812 | D:3      | Reached skill level 1 in Ice Magic
  2812 | D:3      | Reached skill level 1 in Air Magic
  2812 | D:3      | Reached skill level 1 in Earth Magic
  2812 | D:3      | Reached skill level 1 in Poison Magic
  2894 | D:3      | Noticed Natasha
  2903 | D:3      | Killed Natasha
  2904 | D:3      | Reached XP level 5. HP: 10/47 MP: 9/9
  3124 | D:3      | Noticed Natasha
  3150 | D:3      | Killed Natasha
  3452 | D:3      | Learned a level 1 spell: Freeze
  3783 | D:3      | Noticed Terence
  3856 | D:3      | Killed Terence
  3857 | D:3      | Reached XP level 6. HP: 28/53 MP: 7/11
  4100 | D:3      | Noticed Pargi
  5570 | D:4      | Noticed a two-headed ogre
  6013 | D:4      | Noticed a black bear
  6414 | D:3      | Demolished by a two-headed ogre

Illustrated notes

Levels and vault maps discovered:
D:1:      grunt_arrival_crossed_arrows, layout_basic, minmay_pentomino_q2
D:2:      layout_basic, nicolae_elevator_lobby_plus
D:3:      layout_basic, st_stairs_11, minmay_misc_feat_room, minmay_surrounded,
          uniq_terence, uniq_jessica, uniq_natasha, uniq_pargi
D:4:      layout_basic, minmay_temple_entry_overgrown, st_stairs_14,
          grunt_decor_resistance

Skill      XL: |  1  2  3  4  5  6 |
---------------+-------------------+-----
Short Blades   | 1 2 |  2.0
Long Blades    | 1 2 |  2.0
Axes           | 1 2 |  2.0
Maces & Flails | 1 2 |  2.0
Polearms       | 1 2 |  2.0
Staves         | 1 2 |  2.0
Slings         | 1 2 |  2.0
Bows           | 1 2 |  2.0
Crossbows      | 1 2 |  2.0
Throwing       | 1 2 |  2.0
Armour         | 1 2 |  2.0
Shields        | 1 2 |  2.0
Unarmed Combat | 1 2 |  2.0
Invocations    | 1 2 |  2.2
Spellcasting   | 3 |  3.5
Conjurations   | 1 |  1.6
Hexes          | 1 |  1.6
Summonings     | 1 |  1.6
Necromancy     | 1 |  1.6
Translocations | 1 |  1.6
Transmutations | 1 |  1.6
Ice Magic      | 1 |  1.6
Air Magic      | 1 |  1.6
Earth Magic    | 1 |  1.6
Poison Magic   | 1 |  1.6
Dodging        | 3 |  3.3
Evocations     | 3 |  3.3
Stealth        | 3 |  3.1
Fighting       | |  6.8
Fire Magic     | |  5.7

Action                   |  1- 3 |  4- 6 || total
-------------------------+-------+-------++-------
Melee: Dagger            |   122 |       ||   122
       Bite              |    13 |    18 ||    31
       Punch             |     1 |     4 ||     5
       Quarterstaff      |       |    32 ||    32
       Club              |       |   148 ||   148
Throw: Stone             |     3 |     3 ||     6
 Cast: Foxfire           |    30 |    85 ||   115
 Stab: Sleeping          |       |     2 ||     2
Armor: Robe              |     6 |    32 ||    38
       Leather armour    |    10 |       ||    10
       Ring mail         |    46 |    36 ||    82
Dodge: Dodged            |    99 |   178 ||   277
